 Dungeon Crawl Stone Soup version 0.32-a0-868-g153ae1a8d6 (webtiles) character file.

Game seed: 8683950713889310697

196088 Biggs the Warrior (level 18, -2/159 HPs)
             Began as a Coglin Hunter on Mar 29, 2024.
             Was the Champion of Okawaru.
             Killed from afar by a spark wasp (22 damage)
             ... with a living lightning
             ... on level 3 of the Spider Nest.
             The game lasted 01:04:46 (28570 turns).

Biggs the Warrior (Coglin Hunter)                  Turns: 28570, Time: 01:04:47

Health: -2/159     AC: 20    Str: 10    XL:     18   Next: 36%
Magic:  24/24      EV: 22    Int:  8    God:    Okawaru [******]
Gold:   1412       SH:  0    Dex: 26    Spells: 17/17 levels left

rFire   . . .        I - +3 hand cannon (flame) {Tochtli}
rCold   + . .        a - +2 sling {Octavia}
rNeg    + + .        S - +3 troll leather armour
rPois   +            m - +2 helmet
rElec   .            F - +2 cloak
rCorr   .            y - +2 pair of gloves of the Vacuum {rPois rN++ Str-2}
SInv    .            J - +2 pair of boots
Will    ++...        (amulet unavailable)
Stlth   ++           (ring unavailable)
HPRegen 2.06/turn    (ring unavailable)
MPRegen 0.59/turn    A - actuated subsystem {rC+ Will+ Regen+ RegenMP+}

%: no passive effects
@: revved
A: off-hand wielding, slow wielding, warmup strikes, no jewellery
}: 1/15 runes: barnacled
a: Renounce Religion, Heroism, Finesse, Duel


You were on level 3 of the Spider Nest.
You worshipped Okawaru.
Okawaru was exalted by your worship.
You visited 5 branches of the dungeon, and saw 28 of its levels.

You collected 2759 gold pieces.
You spent 1347 gold pieces at shops.

Inventory:

Hand Weapons
 a - a +2 sling (offhand) {Octavia}
 d - a +0 sling {Gladwin}
 I - a +3 hand cannon of flaming (weapon) {Tochtli}
Armour
 m - a +2 helmet (worn)
 v - a +1 leather armour of fire resistance
 y - the +2 pair of gloves of the Vacuum (worn) {rPois rN++ Str-2}
   (Okawaru gifted it to you on level 1 of the Lair of Beasts)

   Str-2:     It affects your strength (-2).
   rPois:     It protects you from poison.
   rN++:      It greatly protects you from negative energy.
 F - a +2 cloak (worn)
 J - a +2 pair of boots (worn)
 S - a +3 troll leather armour (worn)
Gizmo
 A - an actuated subsystem (installed) {rC+ Will+ Regen+ RegenMP+}
   (You invented it yourself on level 13 of the Dungeon)

   [actuated subsystem]

   rC+:       It protects you from cold.
   Will+:     It increases your willpower.
   Regen+:    It increases your rate of health regeneration.
   RegenMP+:  It increases your rate of magic regeneration.
Talismans
 l - a talisman of death
Wands
 c - a wand of iceblast (12)
 k - a wand of flame (8)
 q - a wand of polymorph (8)
 L - a wand of light (11)
 Q - a wand of mindburst (11)
Scrolls
 b - 3 scrolls of butterflies
 i - 9 scrolls of amnesia
 j - 3 scrolls of noise
 n - 2 scrolls of revelation
 r - 7 scrolls of poison
 s - 2 scrolls of silence
 w - a scroll of immolation
 z - 8 scrolls of teleportation
 D - 2 scrolls of vulnerability
 N - 3 scrolls of torment
 O - 5 scrolls of identify
 P - a scroll of acquirement {unknown}
 R - 3 scrolls of brand weapon
 T - a scroll of blinking
Potions
 e - 2 potions of heal wounds
 f - 5 potions of mutation {unknown}
 h - 3 potions of might {unknown}
 o - 2 potions of attraction {unknown}
 p - 11 potions of curing
 t - 5 potions of ambrosia {unknown}
 u - 2 potions of haste {unknown}
 x - 2 potions of enlightenment {unknown}
 B - 2 potions of invisibility {unknown}
 C - 5 potions of degeneration {unknown}
 E - 2 potions of berserk rage {unknown}
 G - 3 potions of lignification {unknown}
 H - 3 potions of resistance {unknown}
 M - 2 potions of brilliance {unknown}
Miscellaneous
 K - a tin of tremorstones (2/2)


   Skills:
 - Level 18.8 Fighting
 - Level 18.0 Ranged Weapons
 - Level 9.2 Armour
 + Level 13.0 Dodging
 - Level 0.7 Stealth
 - Level 8.0 Invocations


You had 17 spell levels left.
You didn't know any spells.
Your spell library contained the following spells:

 Spells                   Type           Power      Damage    Failure   Level
 Apportation              Tloc           0%         N/A       50%         1
 Foxfire                  Conj/Fire      0%         2x1d4     50%         1
 Necrotise                Necr           0%         1d4       50%         1
 Sting                    Conj/Alch      0%         1d3       50%         1
 Lesser Beckoning         Tloc           0%         N/A       63%         2
 Sublimation of Blood     Necr           0%         N/A       63%         2
 Dazzling Flash           Conj/Hex       0%         N/A       86%         3
 Inner Flame              Hex/Fire       0%         N/A       86%         3
 Mephitic Cloud           Conj/Alch/Air  0%         N/A       86%         3
 Passwall                 Erth           0%         N/A       86%         3
 Sigil of Binding         Hex            0%         N/A       86%         3
 Teleport Other           Tloc           0%         N/A       86%         3
 Volatile Blastmotes      Fire/Tloc      0%         2d10      86%         3
 Flame Wave               Conj/Fire      0%         2d4       99%         4
 Fulminant Prism          Conj/Alch      0%         3d5       99%         4
 Ignite Poison            Fire/Alch      0%         N/A       99%         4
 Iskenderun's Mystic Bla Conj/Tloc 0%             2d3        (+2d1     99%         4
 Leda's Liquefaction      Alch/Erth      0%         N/A       99%         4
 Maxwell's Portable Pile  Tloc           0%         2d(5-10)  99%         4
 Petrify                  Alch/Erth      0%         N/A       99%         4
 Sticky Flame             Fire/Alch      0%         2d4       99%         4
 Vhi's Electric Charge    Tloc/Air       0%         N/A       99%         4
 Curse of Agony           Necr           0%         N/A       100%        5
 Lee's Rapid Deconstruct  Erth           0%         3d4*      100%        5
 Metabolic Englaciation   Hex/Ice        0%         N/A       100%        5
 Silence                  Hex/Air        0%         N/A       100%        5
 Bombard                  Conj/Erth      0%         9d1       100%        6
 Plasma Beam              Fire/Air       0%         2x1d10    100%        6
 Starburst                Conj/Fire      0%         6d3       100%        6
 Ignition                 Fire           0%         3d3       100%        8
 Summon Small Mammal      Summ           Unusable   N/A       N/A         1
 Call Imp                 Summ           Unusable   N/A       N/A         2
 Animate Armour           Summ/Erth      Unusable   N/A       N/A         4
 Summon Lightning Spire   Summ/Air       Unusable   N/A       N/A         4
 Death Channel            Necr           Unusable   N/A       N/A         6
 Sculpt Simulacrum        Ice/Alch       Unusable   N/A       N/A         6
 Summon Hydra             Summ           Unusable   N/A       N/A         7

Dungeon Overview and Level Annotations

Branches:
Dungeon (13/15)            Temple (0/1) D:6            Lair (5/5) D:10
 Shoals (4/4) Lair:3       Spider (4/4) Lair:3        Slime (0/5) Lair:4
    Orc (2/2) D:10            Elf (0/3) Orc:2
 Vaults: D:13-14

Altars:
Cheibriados
Dithmenos
Elyvilon
Gozag
Kikubaaqudgha
Makhleb
Okawaru
Ru
Vehumet
Xom
Yredelemnul
Zin
The Shining One
Beogh

Shops:
D:1 :   D:13 =[*   Orc:2 [[!:

Portals:
Hell: Lair:5

Annotations:
D:13 2 transporters
Shoals:4 3 runed translucent doors, Sobieck's ghost, adept MDFi; gimp's ghost, adept FoSh; pokeman's ghost, adept DEHW


Innate Abilities, Weirdness & Mutations

You can wield a second weapon in your off-hand.
It takes a long time for you to wield or remove held weapons.
Your first few attacks do less damage.
You cannot equip rings or amulets.


Message History

Fire: I) +3 hand cannon (flame) {Tochtli}
Press: ? - help, Q - select action, (/) - cycle Shift-Dir - straight line, f/p - spark wasp
Aim: a spark wasp (magical condensation, 71% to hit)
You shoot a slug. The slug hits the spark wasp!
The slug burns the spark wasp.
The spark wasp is moderately wounded.
You shoot a sling bullet.
The sling bullet hits the spark wasp but does no damage.
The spark wasp is moderately wounded.
The culicivora completely misses you. The culicivora misses you.
The spark wasp barely misses you.
Fire: I) +3 hand cannon (flame) {Tochtli}
Press: ? - help, Q - select action, (/) - cycle Shift-Dir - straight line, f/p - spark wasp
Aim: a spark wasp (magical condensation, moderately wounded, 71% to hit)
You shoot a sling bullet. The sling bullet misses the spark wasp.
You shoot a slug. The slug closely misses the spark wasp.
The culicivora barely misses you. The spark wasp stings you!
The spark wasp shocks you! The culicivora bites you. The spark wasp stings you!
The spark wasp shocks you!
* * * LOW HITPOINT WARNING * * *
Unknown command.
Unknown command.
Fire: I) +3 hand cannon (flame) {Tochtli}
Press: ? - help, Q - select action, (/) - cycle Shift-Dir - straight line, f/p - spark wasp
Aim: a spark wasp (magical condensation, moderately wounded, 71% to hit)
You shoot a sling bullet. The sling bullet hits the spark wasp.
The spark wasp is moderately wounded.
You shoot a slug.
The slug hits the spark wasp but does no damage.
The spark wasp is moderately wounded.
The culicivora barely misses you. The culicivora bites you!!
* * * LOW HITPOINT WARNING * * *
The culicivora draws strength from your injuries!
The spark wasp closely misses you. The culicivora closely misses you.
Blink to where?
Press: ? - help, Dir - move target, p - spark wasp
As you read the scroll of blinking, it crumbles to dust.
The spark wasp bursts into living lightning!
The living lightning hits you!!
You die...

### ### ##^.....### ##....
####.###.# ##^....#.## #....
#.#^.....## ##.......####....
#...^.....## ##.○.......#.^..
##..........#####sy......##.#..
#..............#°○○.##...#.....
#..................#.........^.
##................##...........
####............@........^.......
#.#^.....................#.......
.............#......^.....^/.....
.............##.^....#..^........
†.......#.....###................
................###.......#^†^#..
...............###........##.†#.#
...........................#^^###
...#...^#......^........#..#..†.#


You could see a spark wasp and a culicivora (berserk).

Vanquished Creatures
  Bai Suzhen (Shoals:3)
  Nikola (Spider:2)
  Arachne (Spider:2)
  Jorgrun (Shoals:3)
  Mlioglotl (Shoals:3)
  Gastronok (Lair:2)
  Ilsuiw (Shoals:2)
  An emperor scorpion (Spider:2)
  Louise (Spider:3)
  4 slime creatures (D:13)
  3 dire elephants
  The ghost of Ryzel the Martial Artist, a journeyman MfSh of Trog (D:11)
  6 merfolk javelineers
  An entropy weaver (Spider:1)
  9 merfolk impalers
  2 ogre magi (Orc:2)
  A hell beast (Lair:5)
  8 hydras
  A centaur warrior (Shoals:1)
  2 jorogumos
  A radroach (Spider:2)
  2 satyrs
  2 merfolk aquamancers (Shoals:4)
  A two-headed ogre (D:11)
  5 merfolk avatars
  4 alligator snapping turtles
  4 boulder beetles
  6 death yaks
  4 demonic crawlers
  An orc high priest (Orc:2)
  Sonja (Lair:2)
  6 skysharks
  A deep elf knight (Spider:2)
  A fire crab (Lair:5)
  Amaemon (Lair:2)
  5 pharaoh ants
  10 sea snakes
  An arcanist (Lair:5)
  6 orb spiders
  26 harpies
  A deep elf archer (Spider:2)
  5 steelbarb worms
  9 orc sorcerers (Orc:2)
  4 obsidian bats
  10 wolf spiders
  A necromancer (Lair:2)
  2 ugly things
  A deep elf pyromancer (D:12)
  11 fauns
  9 merfolk sirens
  5 cyclopes
  4 oklob plants (Lair:4)
  6 meliai (Spider:2)
  4 moths of wrath
  26 manticores
  A kobold blastminer (Orc:2)
  20 elephants
  4 black mambas
  4 torpor snails
  6 water nymphs
  2 orange demons
  14 cane toads
  A cane toad (shapeshifter) (D:13)
  4 rime drakes
  12 komodo dragons
  An unseen horror (D:11)
  An efreet (D:13)
  Jeremiah (D:6)
  An ice devil (Lair:5)
  32 merfolk
  4 red devils (Lair:5)
  3 trolls
  4 polar bears
  7 wind drakes
  Grinder (D:6)
  20 tarantellas
  A hornet (D:10)
  A hellwing (Lair:5)
  A raiju (Spider:2)
  9 dream sheep
  14 blink frogs
  13 snapping turtles
  A wraith (D:12)
  20 culicivoras
  16 jumping spiders
  A wyvern (Lair:2)
  43 yaks
  A shadow (D:10)
  8 water elementals
  Eustachio (D:4)
  5 vampire mosquitoes
  2 basilisks
  32 redbacks
  A steam dragon (D:7)
  4 acid dragons
  17 water moccasins
  3 hell hounds (Lair:5)
  17 orc warriors
  2 black bears
  3 ice beasts
  A sky beast (D:8)
  6 ogres
  5 wolves
  13 centaurs
  A phantom (D:5)
  4 kobold brigands
  16 bullfrogs
  8 scorpions
  A gnoll sergeant (D:7)
  5 killer bees (D:9)
  9 electric eels
  A vampire bat (D:5)
  6 howler monkeys
  A bombardier beetle (D:5)
  Crazy Yiuf (D:6)
  4 hounds
  4 jellies
  16 orc priests
  A scrub nettle (Lair:1)
  2 sleepcaps (D:5)
  4 iguanas
  32 orc wizards
  5 polar bear simulacra (Lair:2)
  A wolf simulacrum (Lair:2)
  3 yak simulacra (Lair:2)
  A hound zombie (D:3)
  9 adders
  6 gnolls
  A river rat (Lair:2)
  A shadow imp (D:6)
  A white imp (D:6)
  2 adder zombies (D:3)
  2 ribbon worms
  3 dart slugs
  3 fire bats (D:5)
  73 orcs
  2 spectral bats (D:5)
  10 ball pythons
  15 bats
  3 bat skeletons (D:5)
  A bat zombie (D:5)
  10 endoplasms
  8 giant cockroaches
  9 goblins
  4 hobgoblins
  8 jackals
  41 kobolds
  A quokka (D:1)
  A bat simulacrum (D:5)
  4 frilled lizards
  A quokka zombie (D:3)
  5 rats
  2 river rat simulacra (Lair:2)
969 creatures vanquished.

Vanquished Creatures (others)
  A redback (Spider:2)
1 creature vanquished.

Grand Total: 970 creatures vanquished

Notes
Turn   | Place    | Note
-------+----------+-------------------------------------------
     0 | D:1      | Biggs the Coglin Hunter began the quest for the Orb.
     0 | D:1      | Reached XP level 1. HP: 16/16 MP: 1/1
    70 | D:1      | Reached XP level 2. HP: 22/22 MP: 2/2
   555 | D:1      | Reached XP level 3. HP: 27/27 MP: 3/3
   795 | D:1      | Found Naymow's Book Emporium.
   979 | D:1      | Found a burning altar of Makhleb.
  1270 | D:2      | Reached skill level 5 in Ranged Weapons
  1273 | D:2      | Found a radiant altar of Vehumet.
  1278 | D:2      | Reached XP level 4. HP: 33/33 MP: 4/4
  1793 | D:3      | Reached XP level 5. HP: 38/38 MP: 5/5
  1851 | D:3      | Found an iron altar of Okawaru.
  2043 | D:3      | Became a worshipper of Warmaster Okawaru
  2122 | D:3      | Found a basalt altar of Yredelemnul.
  2126 | D:3      | Found a burning altar of Makhleb.
  2127 | D:3      | Noticed a balrug
  2487 | D:3      | Reached XP level 6. HP: 44/44 MP: 6/6
  2563 | D:4      | Reached * piety under Okawaru
  2693 | D:4      | Noticed Eustachio
  2701 | D:4      | Found an opulent altar of Gozag.
  2798 | D:4      | Killed Eustachio
  2799 | D:4      | Reached XP level 7. HP: 41/50 MP: 7/7
  3244 | D:5      | Entered Level 5 of the Dungeon
  3253 | D:5      | Reached ** piety under Okawaru
  3283 | D:5      | Reached XP level 8. HP: 46/56 MP: 8/8
  3594 | D:5      | Reached skill level 10 in Ranged Weapons
  3604 | D:5      | Reached *** piety under Okawaru
  4161 | D:5      | Reached XP level 9. HP: 20/61 MP: 9/9
  4428 | D:6      | Noticed Jeremiah
  4433 | D:6      | Killed Jeremiah
  4534 | D:6      | Found a staircase to the Ecumenical Temple.
  4563 | D:6      | Reached **** piety under Okawaru
  4719 | D:6      | Found a glowing golden altar of the Shining One.
  4719 | D:6      | Found a shadowy altar of Dithmenos.
  4839 | D:6      | Found a runed translucent door.
  4840 | D:6      | Noticed Crazy Yiuf
  4849 | D:6      | Killed Crazy Yiuf
  4909 | D:6      | Noticed Grinder
  4919 | D:6      | Killed Grinder
  5072 | D:6      | Found a shimmering altar of Xom.
  5433 | D:7      | Reached ***** piety under Okawaru
  5665 | D:7      | Reached XP level 10. HP: 67/67 MP: 10/10
  6216 | D:8      | Reached skill level 5 in Dodging
  7251 | D:9      | Found the amulet of Elemental Vulnerability {rPois rF--
                  | rC-- AC+8}
  7693 | D:9      | Received a gift from Okawaru
  8131 | D:10     | Entered Level 10 of the Dungeon
  8242 | D:10     | Found a staircase to the Orcish Mines.
  8243 | D:10     | Noticed an orc knight
  8363 | D:10     | Found a sacrificial altar of Ru.
  8502 | D:10     | Found a staircase to the Lair.
  8527 | D:10     | Reached XP level 11. HP: 67/72 MP: 11/11
  8754 | D:10     | Found a radiant altar of Vehumet.
  9179 | Lair:1   | Entered Level 1 of the Lair of Beasts
  9937 | Lair:1   | Reached skill level 5 in Fighting
 10050 | Lair:1   | Found a glowing silver altar of Zin.
 10600 | Orc:1    | Entered Level 1 of the Orcish Mines
 10601 | Orc:1    | Noticed an obsidian bat
 10622 | D:10     | Killed an obsidian bat
 10622 | D:10     | Received a gift from Okawaru
 10977 | Lair:1   | Reached ****** piety under Okawaru
 11561 | Lair:1   | Received a gift from Okawaru
 11948 | Lair:1   | Acquired the +2 pair of gloves of the Vacuum {rPois rN++
                  | Str-2}
 11948 | Lair:1   | Received a gift from Okawaru
 11955 | Lair:1   | Acquired a +1 hand cannon of flaming
 11955 | Lair:1   | Received a gift from Okawaru
 12354 | Lair:2   | Reached XP level 12. HP: 95/95 MP: 12/12
 12552 | Lair:2   | Noticed Gastronok
 12559 | Lair:2   | Killed Gastronok
 12799 | Lair:2   | Received a gift from Okawaru
 12952 | Lair:2   | Noticed Amaemon
 12955 | Lair:2   | Killed Amaemon
 12991 | Lair:2   | Noticed a five-headed hydra
 12996 | Lair:2   | Killed a five-headed hydra
 12997 | Lair:2   | Reached skill level 15 in Ranged Weapons
 13414 | Lair:2   | Noticed Sonja
 13421 | Lair:2   | Killed Sonja
 13664 | Lair:3   | Noticed a death yak
 13664 | Lair:3   | Noticed a death yak
 13666 | Lair:3   | Noticed a death yak
 13666 | Lair:3   | Noticed a death yak
 13667 | Lair:3   | Noticed a death yak
 13669 | Lair:3   | Noticed a death yak
 13672 | Lair:2   | Killed a death yak
 13672 | Lair:2   | Received a gift from Okawaru
 13945 | Lair:3   | Reached XP level 13. HP: 80/101 MP: 13/13
 14004 | Lair:3   | Found a hole to the Spider Nest.
 14069 | Lair:3   | Found a staircase to the Shoals.
 14136 | Lair:3   | Received a gift from Okawaru
 14789 | Lair:3   | Received a gift from Okawaru
 15305 | Lair:4   | Found a snail-covered altar of Cheibriados.
 15668 | Lair:4   | Found a staircase to the Slime Pits.
 15905 | Lair:5   | Entered Level 5 of the Lair of Beasts
 15917 | Lair:5   | Reached skill level 1 in Invocations
 15927 | Lair:5   | Received a gift from Okawaru
 16112 | Lair:5   | Reached XP level 14. HP: 108/108 MP: 16/16
 16125 | Lair:5   | Noticed a dire elephant
 16142 | Lair:5   | Killed a dire elephant
 16396 | Lair:5   | Reached skill level 5 in Invocations
 16600 | Lair:5   | Received a gift from Okawaru
 17351 | Lair:5   | Reached skill level 1 in Armour
 17381 | Lair:5   | Found a burning altar of Makhleb.
 17402 | Lair:5   | Received a gift from Okawaru
 17777 | Lair:5   | Found a gateway to Hell.
 18313 | D:11     | Found a runed translucent gate.
 18313 | D:11     | Found a runed translucent gate.
 18315 | D:11     | Found a runed translucent gate.
 18318 | D:11     | Noticed Ryzel's ghost (journeyman MfSh)
 18446 | D:11     | Reached skill level 5 in Armour
 18749 | D:11     | Killed Ryzel's ghost
 18750 | D:11     | Received a gift from Okawaru
 19692 | D:13     | Found Retrauw's Jewellery Emporium.
 19729 | D:13     | Reached XP level 15. HP: 113/113 MP: 21/21
 19741 | D:13     | Found a transporter.
 19744 | D:13     | Found a white marble altar of Elyvilon.
 19747 | D:13     | Found a transporter.
 19764 | D:13     | Found Miborch's General Store.
 19772 | D:13     | Bought a potion of curing for 33 gold pieces
 20250 | D:13     | Found Tailij's Antique Armour Emporium.
 20258 | D:13     | Bought a shiny troll leather armour for 630 gold pieces
 20269 | D:13     | Bought a runed cloak for 262 gold pieces
 20321 | D:13     | Acquired an actuated subsystem {rC+ Will+ Regen+ RegenMP+}
 20911 | Orc:2    | Entered Level 2 of the Orcish Mines
 20911 | Orc:2    | Found a roughly hewn altar of Beogh.
 21018 | Orc:2    | Received a gift from Okawaru
 21020 | Orc:2    | Found a staircase to the Elven Halls.
 21142 | Orc:2    | Found Umuguhix's Distillery.
 21152 | Orc:2    | Bought a potion of heal wounds for 60 gold pieces
 21152 | Orc:2    | Bought a potion of heal wounds for 60 gold pieces
 21165 | Orc:2    | Found a radiant altar of Vehumet.
 21189 | Orc:2    | Paralysed by an orc sorcerer for 4 turns
 21228 | Orc:2    | Found an ancient bone altar of Kikubaaqudgha.
 21256 | Orc:2    | Found Sozxauc's Book Emporium.
 21308 | Orc:2    | Found a roughly hewn altar of Beogh.
 21320 | Orc:2    | Found Ror Vesi's Antique Armour Emporium.
 21325 | Orc:2    | Found Wonexatt's Antique Armour Emporium.
 21434 | Orc:2    | Reached skill level 10 in Fighting
 21442 | Orc:2    | Found Efokk's CLEARANCE SALE!.
 21454 | Orc:2    | Bought a scroll of teleportation for 15 gold pieces
 21614 | Orc:2    | Bought a glowing hat for 287 gold pieces
 21936 | Shoals:1 | Entered Level 1 of the Shoals
 21976 | Shoals:1 | Received a gift from Okawaru
 22380 | Shoals:1 | Received a gift from Okawaru
 22479 | Shoals:1 | Reached XP level 16. HP: 110/129 MP: 22/22
 22780 | Shoals:2 | Noticed Ilsuiw
 22789 | Shoals:2 | Killed Ilsuiw
 22919 | Shoals:2 | Received a gift from Okawaru
 23384 | Shoals:3 | Noticed Mlioglotl
 23392 | Shoals:3 | Killed Mlioglotl
 23537 | Shoals:3 | Received a gift from Okawaru
 23578 | Shoals:3 | Reached skill level 15 in Fighting
 23683 | Shoals:3 | Noticed Jorgrun
 23695 | Shoals:3 | Killed Jorgrun
 23916 | Shoals:3 | Noticed Bai Suzhen
 23939 | Shoals:3 | Killed Bai Suzhen
 24045 | Shoals:4 | Entered Level 4 of the Shoals
 24047 | Shoals:4 | Received a gift from Okawaru
 24178 | Shoals:4 | HP: 5/138 [snapping turtle (21)]
 24259 | Shoals:4 | Found a runed translucent gate.
 24259 | Shoals:4 | Found a runed translucent gate.
 24259 | Shoals:4 | Found a runed translucent gate.
 24263 | Shoals:4 | Noticed Sobieck's ghost (adept MDFi)
 24263 | Shoals:4 | Noticed gimp's ghost (adept FoSh)
 24263 | Shoals:4 | Noticed pokeman's ghost (adept DEHW)
 24469 | Shoals:4 | Reached XP level 17. HP: 103/146 MP: 23/23
 24479 | Shoals:4 | Received a gift from Okawaru
 24633 | Shoals:4 | HP: 5/147 [alligator snapping turtle (32)]
 25153 | Shoals:4 | Got a barnacled rune of Zot
 25613 | Spider:1 | Entered Level 1 of the Spider Nest
 25987 | Spider:1 | Received a gift from Okawaru
 26889 | Spider:2 | Reached skill level 10 in Dodging
 26923 | Spider:2 | Noticed Arachne
 26948 | Spider:2 | Killed Arachne
 27196 | Spider:2 | Noticed Nikola
 27284 | Spider:2 | Received a gift from Okawaru
 27355 | Spider:2 | Reached XP level 18. HP: 159/159 MP: 24/24
 27778 | Spider:2 | Killed Nikola
 27823 | Spider:3 | Noticed Louise
 27838 | Spider:3 | Killed Louise
 27950 | Spider:3 | Received a gift from Okawaru
 28560 | Spider:4 | Entered Level 4 of the Spider Nest
 28570 | Spider:3 | Killed from afar by a spark wasp

Illustrated notes

Levels and vault maps discovered:
D:1:      dpeg_arrival_water_altar, layout_basic, serial_shops,
          nicolae_shop_behind_doors
D:2:      minmay_angry_zag, layout_basic, basic_altar
D:3:      layout_loops_ring, nicolae_yredelemnul_corpse_copse,
          amcnicky_altar_gilded, makhleb_altar_promises_db,
          kennysheep_minor_cross
D:4:      layout_cave_pools, mainiacjoe_overflow_concentric_impassable,
          uniq_eustachio
D:5:      kennysheep_spiral_hall, layout_loops_ring,
          nicolae_overflow_hidden_temple, goddamned_bats
D:6:      layout_rooms, regret_index_xom_buried_treasure,
          mainiacjoe_overflow_divided_tiny, minmay_temple_entry_stoned_glass,
          uniq_grinder, uniq_crazy_yiuf_cottage, uniq_jeremiah
D:7:      layout_rooms
D:8:      layout_basic
D:9:      kennysheep_kobold_camp, layout_basic
D:10:     layout_irregular_city, vehumet_crystals,
          mainiacjoe_overflow_six_doors_small, david_lair_shrubbed, orc_david_3
D:11:     layout_roguey, gammafunk_ghost_split
D:12:     layout_loops_corners, minivault_19, hangedman_decor_riveting
D:13:     layout_basic, serial_shops, shop, nicolae_stop_n_shop_1,
          nicolae_diamond_shop, elyvilon_altar_4
Lair:1:   layout_misc_corridors, basic_altar, evilmike_ambush
          [evilmike_ambush_outer_corners, evilmike_ambush_inner_basic]
Lair:2:   layout_regular_city, eino_house_with_fridge, uniq_amaemon,
          uniq_gastronok, uniq_sonja
Lair:3:   layout_long_grid, elwin_shoals_entry_rocks,
          hellmonk_spider_entry_life_and_decay, small_statue_intersection,
          beast_lair_carwin_3, infiniplex_staircase_pool, grunt_megastairs_5
Lair:4:   layout_hall_layers, minmay_slime_entry_oklob_enclosed, basic_altar,
          dreamdust_mushroom_princess
Lair:5:   evil_forest, layout_regular_city
Shoals:1: layout_shoals
Shoals:2: layout_shoals, nzn_prometheus_bound, uniq_ilsuiw
Shoals:3: cheibrodos_shoals_roost, layout_shoals, uniq_mlioglotl, uniq_jorgrun,
          uniq_bai_suzhen
Shoals:4: shoals_end_simple, layout_shoals, gammafunk_ghost_cemetery
Spider:1: layout_chambers
Spider:2: layout_spider_delve, beargit_elvish_explorers, uniq_arachne,
          uniq_nikola
Spider:3: layout_spider_delve, uniq_louise
Spider:4: hellmonk_spider_rune_bug_friends, nicolae_spider_shape, uniq_donald,
          uniq_mara
Orc:1:    layout_caves
Orc:2:    kennysheep_orc_mage_school, layout_caves, basic_altar,
          nicolae_shop_clearance

Skill      XL: |  1  2  3  4  5  6  7  8  9 10 11 12 13 14 15 16 17 18 |
---------------+-------------------------------------------------------+-----
Ranged Weapons | 4 5 6 7 8 10 12 13 15 18 | 18.0
Dodging        | 3 8 11 13 | 13.0
Fighting       | 9 12 16 18 | 18.8
Invocations    | 3 8 |  8.0
Armour         | 6 9 |  9.2
Stealth        | |  0.7

Action                     |  1- 3 |  4- 6 |  7- 9 | 10-12 | 13-15 | 16-18 || total
---------------------------+-------+-------+-------+-------+-------+-------++-------
   Fire: Sling             |   126 |   330 |   718 |  1321 |   977 |  1030 ||  4502
         Hand cannon       |       |       |       |   173 |   977 |  1030 ||  2180
 Invoke: Receive Weapon    |       |       |       |     1 |       |       ||     1
         Receive Armour    |       |       |       |     1 |       |       ||     1
         Finesse           |       |       |       |       |     3 |    17 ||    20
Ability: Invent Gizmo      |       |       |       |       |     1 |       ||     1
    Use: Scroll            |       |       |     4 |     8 |     4 |    18 ||    34
         Potion            |       |       |       |     1 |       |     6 ||     7
 Armour: Leather armour    |     3 |    47 |    63 |    13 |       |       ||   126
         Acid dragon scale |       |       |       |   263 |   180 |       ||   443
         Troll leather arm |       |       |       |       |   100 |   414 ||   514
  Dodge: Dodged            |     5 |    50 |    76 |   330 |   306 |   467 ||  1234

Table legend: (Time is in decaauts)
 A = Elapsed time spent in this place.
 B = Non-inter-level travel time spent in this place.
 C = Inter-level travel time spent in this place.
 D = Time resting spent in this place.
 E = Time spent auto-exploring this place.
 F = Levels seen in this place.
 G = Mean time per level.
                   A        B        C        D        E       F      G
               +--------+--------+--------+--------+--------+-----+--------+
         Total |  28517 |  26904 |   1613 |   1768 |  20410 |  28 | 1018.5 |
       Dungeon |  13457 |  12652 |    805 |    921 |   9714 |  13 | 1035.2 |
          Lair |   7310 |   6969 |    341 |    539 |   5375 |   5 | 1462.0 |
        Shoals |   3744 |   3459 |    285 |    174 |   2430 |   4 |  936.0 |
   Spider Nest |   2897 |   2856 |     41 |    134 |   2151 |   4 |  724.2 |
  Orcish Mines |   1107 |    968 |    139 |      0 |    738 |   2 |  553.5 |
               +--------+--------+--------+--------+--------+-----+--------+

Top non-repeatable levels by time:
    D:10: 2093 daAuts
  Lair:5: 1926 daAuts
  Lair:1: 1846 daAuts
     D:9: 1694 daAuts
Shoals:4: 1365 daAuts
Spider:1: 1291 daAuts
  Lair:2: 1227 daAuts
  Lair:3: 1219 daAuts
     D:5: 1170 daAuts
  Lair:4: 1090 daAuts
     D:1: 1010 daAuts
    D:11: 988 daAuts
    D:13: 964 daAuts
     D:8: 889 daAuts
Spider:2: 876 daAuts
